 Dungeon Crawl Stone Soup version 0.21-a0-178-g0b87683 (webtiles) character file.

1732 namelastname112 the Skirmisher (level 8, -4/71 HPs)
             Began as a Green Draconian Wanderer on Aug 9, 2017.
             Was a Believer of Sif Muna.
             Slain by a wight
             ... wielding a cursed +1 mace of protection
              (7 damage)
             ... on level 7 of the Dungeon.
             The game lasted 00:10:50 (5638 turns).

namelastname112 the Skirmisher (DrWn)               Turns: 5638, Time: 00:10:50

Health: -4/71      AC:  6    Str: 12 (14) XL:     8   Next: 76%
Magic:  11/13      EV: 12    Int: 12 (15) God:    Sif Muna [**....]
Gold:   237        SH:  0    Dex: 14      Spells: 11/14 levels left

rFire    . . .     SeeInvis .   y - +0 dagger "Dragonbane" {venom, Dex+3}
rCold    + + .     Gourm    .   (no shield)
rNeg     . . .     Faith    .   (armour unavailable)
rPois    +         Spirit   .   (helmet restricted)
rElec    .         Reflect  .   C - scarf {cloud immunity}
rCorr    .         Harm     .   (no gloves)
MR       .....                  (no boots)
Stlth    ++........             F - amulet of regeneration
HPRegen  0.61/turn              r - ring of wizardry
MPRegen  0.13/turn              z - ring of protection from cold

@: very heavily drained
A: breathe noxious fumes, unfitting armour, hooves 1, cold resistance 1, poison
resistance, cold-blooded, MP-powered wands, AC +6
a: Breathe Noxious Fumes, Divine Energy, Renounce Religion


You were on level 7 of the Dungeon.
You worshipped Sif Muna.
Sif Muna was pleased with you.
You were hungry.

You visited 2 branches of the dungeon, and saw 8 of its levels.
You also visited: Ossuary.

You collected 237 gold pieces.

Inventory:

Hand Weapons
 y - the +0 dagger "Dragonbane" (weapon) {venom, Dex+3}
   (You found it on level 4 of the Dungeon)

   It poisons the flesh of those it strikes.
   It affects your dexterity (+3).
Armour
 C - a scarf of cloud immunity (worn)
Magical Staves
 w - an uncursed staff of power
Jewellery
 n - an uncursed ring of magical power {unknown}
 r - a ring of wizardry (left hand)
 x - an uncursed ring of stealth
 z - a ring of protection from cold (right hand)
 F - an amulet of regeneration (around neck)
Wands
 a - a wand of confusion (15/48)
 v - a wand of paralysis (0/24)
 J - a wand of lightning (10/15)
 M - a wand of polymorph (7/24)
Scrolls
 c - 7 scrolls of teleportation
 d - a scroll of summoning {unknown}
 i - 4 scrolls of blinking
 k - 5 scrolls of remove curse
 l - a scroll of fog
 o - a scroll of immolation
 B - a scroll of magic mapping
 I - a scroll of enchant armour
 K - a scroll of identify
Potions
 e - 4 potions of brilliance
 g - 4 potions of agility
 h - a potion of mutation
 j - 2 potions of curing
 q - a potion of lignification {unknown}
 A - a potion of heal wounds
 E - a potion of flight
Books
 O - a book of Minor Magic

   Spells                             Type                      Level
   a - Magic Dart                     Conjuration                  1
   b - Blink                          Translocation                2
   c - Call Imp                       Summoning                    2
   d - Slow                           Hexes                        2
   e - Conjure Flame                  Conjuration/Fire             3
   f - Mephitic Cloud                 Conjuration/Poison/Air       3
Comestibles
 b - 3 meat rations
 f - 6 bread rations
 m - 2 chunks of flesh
 t - 5 fruits
 D - 3 royal jellies


   Skills:
 + Level 6.5(3.3) Fighting
   Level 2.0(0.0) Polearms
   Level 2.6(0.0) Bows
 + Level 5.1(2.0) Dodging
 - Level 4.6(1.5) Stealth
 + Level 3.8(0.9) Spellcasting
 + Level 1.7(0.0) Conjurations
 + Level 4.9(1.8) Invocations


You had 11 spell levels left.
You knew the following spells:

 Your Spells              Type           Power        Failure   Level  Hunger
b - Blink                 Tloc           N/A          19%         2    ###....
z - Magic Dart            Conj           #...         12%         1    ##.....


Dungeon Overview and Level Annotations

Branches:
Dungeon (7/15)             Temple (1/1) D:4

Altars:
Ashenzari
Cheibriados
Dithmenos
Elyvilon
Fedhas
Gozag
Hepliaklqana
Kikubaaqudgha
Makhleb
Nemelex Xobeh
Okawaru
Qazlal
Ru
Sif Muna
Trog
Uskayaw
Vehumet
Wu Jian
Xom
Yredelemnul
Zin
The Shining One

Shops:
D:5 ?


Innate Abilities, Weirdness & Mutations

You can breathe blasts of noxious fumes.
Your lurid green scales are hard. (AC +6)
You cannot fit into any form of body armour.
Your system is resistant to poisons. (rPois)
You are cold-blooded and may be slowed by cold attacks.
You have large cloven feet.
Your flesh is cold resistant. (rC+)
You expend magic power (3 MP) to strengthen your wands.


Message History

You hit the wight but do no damage.
The wight is almost destroyed.
The wight barely misses you.
You barely miss the wight.
The wight is almost destroyed.
The wight hits you but does no damage.
You barely miss the wight.
The wight is almost destroyed.
You hit the wight but do no damage.
The wight is almost destroyed.
You are feeling hungry.
The wight hits you with a mace of protection.
* * * LOW HITPOINT WARNING * * *
You hit the wight but do no damage. You kick the wight, but do no damage.
The wight is almost destroyed.
The wight barely misses you.
You hit the wight but do no damage. You kick the wight, but do no damage.
The wight is almost destroyed.
The wight hits you with a mace of protection!
You die...

##..............#.....#
###............#..#....#
##..............##.....#
#...............###...##
#...............# ##..##
# #...............#
##..#### ....#
#..............##
##..##. ....#
###.......z....# #...#.
....## ##......@....#
####.. .....#
###.........# ##....
.....# ##........#
#..###
.....#######..##.....#
+..#
.....##.##..######.###
####.## .....#.....## ##
##...##### ............#
#........#
##...........#
#.........
###...........#
##........


You could see a wight.

Vanquished Creatures
  A wraith (Ossuary)
  Menkaure (D:6)
  Duvessa (D:5)
  An orc warrior (D:6)
  3 ogres
  A bullfrog (D:7)
  A scorpion (D:7)
  Dowan (D:5)
  A howler monkey (D:6)
  A bullfrog zombie (D:5)
  2 jellies (D:5)
  A bullfrog skeleton (D:5)
  2 hounds
  2 orc priests (D:6)
  A centaur skeleton (D:6)
  4 orc wizards
  4 worker ants
  2 iguanas
  A hound skeleton (D:7)
  A howler monkey zombie (D:6)
  A mummy (Ossuary)
  7 adders
  7 gnolls
  3 worms (D:2)
  5 dart slugs
  2 leopard geckos
  16 orcs
  4 giant cockroaches
  6 goblins
  9 hobgoblins
  7 jackals
  7 quokkas
  A ball python (D:2)
  A ball python skeleton (D:4)
  6 bats
  6 frilled lizards
  4 gnoll skeletons (Ossuary)
  5 kobolds
  8 kobold skeletons (Ossuary)
  A leopard gecko skeleton (D:5)
  13 orc skeletons (Ossuary)
  A quokka zombie (D:6)
  15 rats
167 creatures vanquished.

Notes
Turn   | Place    | Note
-------+----------+-------------------------------------------
     0 | D:1      | namelastname112 the Draconian Wanderer began the quest for the Orb.
     0 | D:1      | namelastname112 set off with: a +2 shortbow, 19 arrows, 2 scrolls of teleportation, a +0 dagger, a bread ration
     0 | D:1      | Reached XP level 1. HP: 17/17 MP: 1/1
   103 | D:1      | Reached XP level 2. HP: 25/25 MP: 2/2
   385 | D:1      | Reached skill level 1 in Dodging
   385 | D:1      | Reached XP level 3. HP: 14/30 MP: 3/3
   722 | D:2      | Reached skill level 3 in Fighting
  1211 | D:2      | Reached XP level 4. HP: 38/38 MP: 4/4
  1722 | D:3      | Found a radiant altar of Vehumet.
  2004 | D:4      | Got a crude dagger
  2005 | D:4      | Identified the cursed +0 dagger "Dragonbane" {venom, Dex+3} (You found it on level 4 of the Dungeon)
  2011 | D:4      | Reached XP level 5. HP: 28/45 MP: 5/5
  2325 | D:3      | Reached skill level 4 in Fighting
  2894 | D:4      | Reached XP level 6. HP: 47/52 MP: 6/6
  2900 | D:4      | Found a staircase to the Ecumenical Temple.
  2914 | Temple   | Entered the Ecumenical Temple
  2997 | Temple   | Became a worshipper of Sif Muna the Loreminder
  3210 | D:5      | Entered Level 5 of the Dungeon
  3309 | D:5      | Reached skill level 1 in Invocations
  3553 | D:5      | Found a sand-covered staircase.
  3558 | Ossuary  | Entered an ossuary
  3558 | Ossuary  | Noticed a wraith
  3558 | Ossuary  | Noticed a wraith
  3558 | Ossuary  | Noticed a wraith
  3827 | Ossuary  | Noticed a wraith
  3842 | Ossuary  | Reached skill level 1 in Spellcasting
  3980 | Ossuary  | Killed a wraith
  3980 | Ossuary  | Your scales start taking on a lurid green colour.
  3980 | Ossuary  | Reached XP level 7. HP: 60/60 MP: 7/9
  3980 | Ossuary  | Gained mutation: Your system is resistant to poisons. (rPois) [Green Draconian growth]
  4093 | D:5      | Reached skill level 5 in Fighting
  4200 | D:5      | Reached * piety under Sif Muna
  4202 | D:5      | Found Riotos's Magic Scroll Boutique.
  4433 | D:5      | Noticed Dowan
  4436 | D:5      | Noticed Duvessa
  4441 | D:5      | Killed Dowan
  4456 | D:5      | Killed Duvessa
  4480 | D:5      | Reached XP level 8. HP: 59/70 MP: 12/12
  4677 | D:6      | Found a hide-covered altar of Uskayaw.
  4726 | D:6      | You fall through a shaft!
  4946 | D:7      | Reached skill level 6 in Fighting
  4984 | D:7      | Got an ichor-stained spear
  4985 | D:7      | Identified the cursed +2 spear of an ice cave {pierce, rF+} (You found it on level 7 of the Dungeon)
  5150 | D:7      | Learned a level 1 spell: Magic Dart
  5161 | D:7      | Learned a level 2 spell: Blink
  5322 | D:6      | Reached ** piety under Sif Muna
  5361 | D:6      | Noticed Menkaure
  5389 | D:6      | Gained mutation: You expend magic power (3 MP) to strengthen your wands. [potion of mutation]
  5389 | D:6      | Gained mutation: You have large cloven feet. [potion of mutation]
  5389 | D:6      | Gained mutation: Your flesh is cold resistant. (rC+) [potion of mutation]
  5396 | D:6      | Killed Menkaure
  5396 | D:6      | Reached skill level 1 in Conjurations
  5527 | D:6      | Reached skill level 5 in Dodging
  5636 | D:7      | HP: 2/71 [wight/mace of protection (5)]
  5638 | D:7      | Slain by a wight

Vault maps used:
D:1:      minmay_arrival_five_plusses, minmay_misc_feat_columns
D:3:      marbit_many_paths
D:4:      minmay_temple_entry_purple_smoke, first_bread, kennysheep_another_room
D:5:      enter_ossuary_2, serial_shops, shop_fountains, uniq_duvessa
D:6:      basic_altar, uniq_menkaure
D:7:      grunt_livestock
Temple:   nicolae_temple_the_god_donut
Ossuary:  ossuary_due_mausoleum

Skill      XL: |  1  2  3  4  5  6  7  8 |
---------------+-------------------------+-----
Stealth        | 3 4 |  4.6
Dodging        | 1 2 3 4 5 |  5.1
Fighting       | 3 4 5 6 |  6.5
Invocations    | 1 3 4 |  4.9
Spellcasting   | 1 2 3 |  3.8
Conjurations   | 1 |  1.7
Polearms       | |  2.0
Bows           | |  2.6

Action                   |  1- 3 |  4- 6 |  7- 9 || total
-------------------------+-------+-------+-------++-------
Melee: Dagger            |       |   297 |   295 ||   592
       Tailslap          |       |    45 |    66 ||   111
       Kick              |       |       |    16 ||    16
       Spear             |       |       |     4 ||     4
 Fire: Shortbow          |    99 |     6 |       ||   105
 Cast: Magic Dart        |       |       |    20 ||    20
 Abil: Breathe Noxious F |       |       |     5 ||     5
Evoke: Wand              |       |       |     8 ||     8
  Use: Potion            |       |     2 |    11 ||    13
       Scroll            |       |    10 |     2 ||    12
 Stab: Sleeping          |       |    12 |     9 ||    21
       Confused          |       |       |     1 ||     1
       Distracted        |       |       |     1 ||     1
  Eat: Chunk             |       |     6 |     6 ||    12
       Bread ration      |       |     1 |       ||     1
Armor: Skin              |     7 |    81 |    57 ||   145
Dodge: Dodged            |     7 |   233 |   167 ||   407
